 Dungeon Crawl Stone Soup version 0.28.0-49-g6dfe1f597d (webtiles) character file.

Game seed: 3798070234973949183

903 hawla the Firebug (level 7, -1/27 (42) HPs)
             Began as a Felid Fire Elementalist on May 15, 2022.
             Was a Follower of Vehumet.
             Slain by a gnoll
             ... wielding a +0 spear
              (6 damage)
             ... on level 6 of the Dungeon.
             The game lasted 00:23:07 (6988 turns).

hawla the Firebug (Felid Fire Elementalist)         Turns: 6988, Time: 00:23:07

HP:   -1/27 (42)    AC: 23    Str:  4    XL:     7   Next: 80%
MP:   1/14          EV:  4    Int: 19    God:    Vehumet [*.....]
Gold: 201           SH:  0    Dex: 16    Spells: 4/14 levels left
                                        Lives: 0   Deaths: 2

rFire   . . .      SeeInvis +   (weapon unavailable)
rCold   . . .      Faith    .   (shield unavailable)
rNeg    . . .      Spirit   .   (armour unavailable)
rPois   +          Reflect  .   (helmet unavailable)
rElec   .          Harm     .   (cloak unavailable)
rCorr   .          Rampage  .   (gloves unavailable)
Will    +....      NoTele   +   (boots unavailable)
Stlth   ++........              (no amulet)
HPRegen 0.09/turn               e - ring of poison resistance
MPRegen 0.14/turn               (no ring)

@: tree-form (expiring), very heavily drained
A: stationary, stasis, torment immunity, boosted hp, very small, (claws 1),
(fangs 3), see invisible, (speed 1), (shaggy fur 2), (stealthy paws), no weapons
or thrown items, no armour, multi-lived
a: Renounce Religion


You were on level 6 of the Dungeon.
You worshipped Vehumet.
Vehumet was aware of your devotion.
You were a tree.
You visited 1 branch of the dungeon, and saw 6 of its levels.

You collected 201 gold pieces.

Inventory:

Jewellery
 e - a ring of poison resistance (left branch)
Scrolls
 d - a scroll of blinking
 h - a scroll of noise {unknown}
 m - a scroll of amnesia
Potions
 b - 2 potions of might {unknown}
 f - a potion of cancellation
 g - a potion of brilliance {unknown}
 i - a potion of magic {unknown}
 j - 2 potions of curing
 k - a potion of flight {unknown}


   Skills:
 + Level 1.1 Fighting
 + Level 4.8 Dodging
 - Level 3.4 Stealth
 + Level 0.9 Unarmed Combat
 - Level 4.3 Spellcasting
 * Level 5.3 Conjurations
 + Level 6.9 Fire Magic


You had 4 spell levels left.
You knew the following spells:

 Your Spells              Type           Power      Damage    Failure   Level
a - Foxfire               Conj/Fire      100%       2x1d9     1%          1
b - Scorch                Fire           60%        2d8       1%          2
c - Conjure Flame         Conj/Fire      27%        6-21      3%          3
d - Flame Wave            Conj/Fire      27%        2d7       11%         4

Your spell library contained the following spells:

 Spells                   Type           Power      Damage    Failure   Level
 Sandblast                Erth           8%         2d5       14%         1
 Inner Flame              Hex/Fire       17%        N/A       10%         3
 Wereblood                Tmut           4%         N/A       21%         2
 Frozen Ramparts          Ice            8%         1d2       38%         3
 Ice Form                 Ice/Tmut       4%         N/A       80%         4
 Petrify                  Tmut/Erth      4%         N/A       80%         4
 Summon Ice Beast         Ice/Summ       4%         N/A       80%         4
 Blade Hands              Tmut           2%         N/A       98%         5
 Statue Form              Tmut/Erth      2%         N/A       100%        6
 Portal Projectile        Hex/Tloc       Unusable   N/A       N/A         3
 Excruciating Wounds      Necr           Unusable   N/A       N/A         5

Dungeon Overview and Level Annotations

Branches:
Dungeon (6/15)             Temple (0/1) D:5

Altars:
Ashenzari
Elyvilon
Fedhas
Kikubaaqudgha
Nemelex Xobeh
Ru
Trog
Uskayaw
Vehumet
Wu Jian
The Shining One

Shops:
D:1 ?

Annotations:
D:5 Dowan, Duvessa, Pikel


Innate Abilities, Weirdness & Mutations

You are a tree.
Your roots penetrate the ground, keeping you stationary.
You cannot be teleported.
You are immune to unholy pain and torment.
Your maximum health is greatly increased.
((You have sharp claws.))
((You have razor-sharp teeth.))
You have supernaturally acute eyesight. (SInv)
((You cover ground quickly. (Speed+)))
((You are covered in thick fur. (AC +2)))
((Your paws help you pounce on unaware monsters.))
You are incapable of wielding weapons or throwing items.
You cannot wear armour.
You gain extra lives every three experience levels.


Message History

The gnoll sergeant is heavily wounded.
The gnoll sergeant hits you but does no damage.
Casting: Scorch (safe; 1% risk of failure)
Confirm with . or Enter, or press ? or * to list all spells.
You conjure some foxfire!
The gnoll sergeant hits you but does no damage.
Casting: Foxfire (safe; 1% risk of failure)
Confirm with . or Enter, or press ? or * to list all spells.
You don't have enough magic to cast this spell.
Casting: Foxfire (safe; 1% risk of failure)
Confirm with . or Enter, or press ? or * to list all spells.
There is not enough space to conjure foxfire!
The foxfire hits the gnoll sergeant.
The gnoll sergeant is heavily wounded.
The foxfire hits the gnoll sergeant.
The gnoll sergeant is severely wounded.
The gnoll sergeant hits you but does no damage.
Casting: Foxfire (safe; 1% risk of failure)
Confirm with . or Enter, or press ? or * to list all spells.
You conjure some foxfire!
The gnoll sergeant hits you from afar with a +0 spear.
The foxfire hits the gnoll sergeant but does no damage.
The gnoll sergeant is severely wounded.
The foxfire hits the gnoll sergeant!
You kill the gnoll sergeant!
Vehumet accepts your kill.
You completely miss the gnoll.
Your transformation is almost over.
The gnoll hits you but does no damage.
You barely miss the gnoll.
The gnoll hits you but does no damage. x2
You hit the gnoll but do no damage.
The gnoll hits you but does no damage. x2
You smack the gnoll!
The gnoll is severely wounded.
The gnoll hits you but does no damage. x2
You hit the gnoll but do no damage.
The gnoll is severely wounded.
The gnoll hits you with a +0 club!
* * * LOW HITPOINT WARNING * * *
The gnoll hits you from afar with a +0 spear.
You die...

###.....####
#.....#
#.....#
#.g...#
##g#### #g#
#g# #####)#
#.).g♣#
....##### ##


You could see 5 gnolls.

Vanquished Creatures
  Prince Ribbit (D:5)
  An acid dragon (D:6)
  A sky beast (D:6)
  4 ogres
  A lemure (D:5)
  A gnoll sergeant (D:6)
  A scorpion (D:5)
  A water moccasin skeleton (D:5)
  A howler monkey (D:3)
  A centaur zombie (D:5)
  2 bullfrog zombies (D:5)
  2 jellies
  2 gnoll shamans
  A hound (D:5)
  An orc priest (D:5)
  2 orc wizards
  2 iguanas (D:5)
  A hound zombie (D:5)
  2 hound skeletons (D:4)
  8 gnolls
  6 adders
  A shadow imp (D:5)
  An ufetubus (D:5)
  An adder skeleton (D:4)
  2 worms (D:3)
  A dart slug (D:3)
  10 orcs
  8 ball pythons
  6 endoplasms
  2 giant cockroaches (D:2)
  12 hobgoblins
  5 quokkas
  4 bats
  4 frilled lizards
  4 goblins
  5 kobolds
  5 rats
113 creatures vanquished.

Vanquished Creatures (others)
  373 foxfires
373 creatures vanquished.

Grand Total: 486 creatures vanquished

Notes
Turn   | Place    | Note
-------+----------+-------------------------------------------
     0 | D:1      | hawla the Felid Fire Elementalist began the quest for the
                  | Orb.
     0 | D:1      | Reached XP level 1. HP: 7/7 MP: 4/4
   387 | D:1      | Reached skill level 3 in Fire Magic
   387 | D:1      | Reached XP level 2. HP: 11/11 MP: 3/6
   486 | D:1      | Reached skill level 1 in Conjurations
   684 | D:1      | Found Xaffuth's Magic Scroll Shoppe.
  1194 | D:2      | Found a faded altar of an unknown god.
  1577 | D:2      | Reached XP level 3. HP: 14/14 MP: 4/7
  1580 | D:2      | Learned a level 2 spell: Scorch
  1897 | D:2      | Got the Disquisition on Transmutation
  2280 | D:3      | Reached XP level 4. HP: 18/18 MP: 2/8
  2284 | D:3      | Learned a level 3 spell: Conjure Flame
  2529 | D:3      | Found a sacrificial altar of Ru.
  2893 | D:3      | Found a hide-covered altar of Uskayaw.
  2932 | D:3      | Found an ornate altar of the Wu Jian Council.
  3348 | D:3      | Found a sparkling altar of Nemelex Xobeh.
  3355 | D:3      | Found a blossoming altar of Fedhas.
  3361 | D:3      | Found an ancient bone altar of Kikubaaqudgha.
  3369 | D:3      | Found a bloodstained altar of Trog.
  3374 | D:3      | Found a broken altar of Ashenzari.
  3382 | D:3      | Found a radiant altar of Vehumet.
  3387 | D:3      | Found a glowing golden altar of the Shining One.
  3397 | D:3      | Became a worshipper of Vehumet
  3586 | D:4      | Found a white marble altar of Elyvilon.
  3653 | D:4      | Reached XP level 5. HP: 21/21 MP: 3/9
  3667 | D:4      | Noticed an ogre
  3725 | D:3      | Reached skill level 4 in Fire Magic
  4073 | D:4      | Noticed an ogre
  4077 | D:4      | Killed an ogre
  4078 | D:4      | Gained mutation: You are covered in thick fur. (AC +2)
                  | [Felid growth]
  4078 | D:4      | Reached XP level 6. HP: 24/24 MP: 4/10
  4590 | D:4      | Reached XP level 7. HP: 27/28 MP: 6/12
  5100 | D:5      | Entered Level 5 of the Dungeon
  5133 | D:5      | Slain by a scorpion
  5134 | D:5      | Reached XP level 6. HP: -3/25 MP: 6/11
  5147 | D:5      | Reached skill level 5 in Fire Magic
  5174 | D:5      | Found a staircase to the Ecumenical Temple.
  5180 | D:5      | Noticed Dowan
  5180 | D:5      | Noticed Duvessa
  5218 | D:5      | Reached * piety under Vehumet
  5218 | D:5      | Offered knowledge of Sandblast by Vehumet.
  5221 | D:5      | HP: 1/25 [acid (9)]
  5608 | D:5      | Noticed Prince Ribbit
  5620 | D:5      | Killed Prince Ribbit
  5621 | D:5      | Reached XP level 7. HP: 28/28 MP: 5/13
  6015 | D:5      | Learned a level 4 spell: Flame Wave
  6050 | D:5      | Reached skill level 6 in Fire Magic
  6224 | D:5      | Noticed Pikel
  6239 | D:5      | Slain by a lemure
  6240 | D:5      | Reached XP level 6. HP: -3/25 MP: 4/13
  6498 | D:5      | Reached XP level 7. HP: 28/28 MP: 9/14
  6750 | D:6      | Reached skill level 1 in Fighting
  6769 | D:6      | Reached skill level 5 in Conjurations
  6988 | D:6      | Slain by a gnoll

Illustrated notes

Levels and vault maps discovered:
D:1:      giann_wishing_wells, layout_basic, serial_shops, shop,
          chequers_serial_rivers_micro_b
D:2:      layout_loops_ring, shapermc_ecumenical_altar_mp_highgroup,
          minmay_pentomino_z2
D:3:      layout_rooms, nicolae_wu_jian_immortal_techniques,
          nicolae_overflow_crystal_walls, grunt_temple_overflow_octagram,
          nicolae_ru_path_of_blood, minmay_fractal_squares_diagonal_5
D:4:      layout_basic, lemuel_tele_altar, roderic_nine_men_s_morris,
          minmay_ruptured
D:5:      minmay_octagon_keep, layout_loops_ring, minmay_temple_entry_offerings,
          minmay_between, uniq_pikel, uniq_prince_ribbit1, uniq_duvessa
D:6:      layout_rooms, mainiacjoe_overflow_tiny_flanked,
          mainiacjoe_overflow_small_starburst, serial_shops,
          nicolae_shop_overgrown_old_shop, feat_on_display

Skill      XL: |  1  2  3  4  5  6  7 |
---------------+----------------------+-----
Stealth        | 3 |  3.4
Fire Magic     | 3 4 5 6 |  6.9
Conjurations   | 1 2 3 4 5 |  5.3
Dodging        | 3 4 |  4.8
Spellcasting   | 3 4 |  4.3
Fighting       | 1 |  1.1
Unarmed Combat | |  0.9

Action                   |  1- 3 |  4- 6 |  7- 9 || total
-------------------------+-------+-------+-------++-------
Melee: Unarmed           |     8 |     2 |    27 ||    37
       Bite              |       |       |     1 ||     1
 Cast: Foxfire           |    63 |   102 |    65 ||   230
       Scorch            |     2 |    12 |    18 ||    32
       Conjure Flame     |       |     2 |     1 ||     3
       Flame Wave        |       |       |     6 ||     6
  Use: Scroll            |     1 |     4 |     6 ||    11
       Potion            |       |       |     4 ||     4
 Stab: Sleeping          |     3 |       |       ||     3
Armor: Skin              |     1 |       |    28 ||    29
Dodge: Dodged            |    24 |    39 |    45 ||   108
